 Dungeon Crawl Stone Soup version 0.29.1-13-g9f3cf754e1 (webtiles) character file.

Game seed: 18183229879233650634

23 Thatpatchoflichen the Trooper (level 2, 0/33 HPs)
             Began as an Ogre Fighter on Feb 1, 2023.
             Succumbed to an adder's poison
             ... on level 2 of the Dungeon.
             The game lasted 00:01:36 (1318 turns).

Thatpatchoflichen the Trooper (Ogre Fighter)        Turns: 1318, Time: 00:01:36

Health: 0/33       AC:  3    Str: 19    XL:     2   Next: 95%
Magic:  2/2        EV:  8    Int:  9    God:
Gold:   44         SH:  7    Dex:  8    Spells: 1/1 levels left

rFire   . . .      SeeInvis .   a - +0 long sword
rCold   . . .      Faith    .   c - +0 kite shield
rNeg    . . .      Spirit   .   b - +0 robe
rPois   .          Reflect  .   (helmet restricted)
rElec   .          Harm     .   (no cloak)
rCorr   .          Rampage  .   (gloves unavailable)
Will    .....                   (boots unavailable)
Stlth   +.........              i - amulet of the acrobat
HPRegen 0.11/turn               (no ring)
MPRegen 0.08/turn               (no ring)

@: lethally poisoned (0 -> -4)
A: large, unfitting armour, tough skin 1
a: no special abilities


You were on level 2 of the Dungeon.
You visited 1 branch of the dungeon, and saw 2 of its levels.

You collected 44 gold pieces.

Inventory:

Hand Weapons
 a - a +0 long sword (weapon)
Missiles
 h - 9 poisoned darts (quivered)
Armour
 b - a +0 robe (worn)
 c - a +0 kite shield (worn)
Jewellery
 i - an amulet of the acrobat (around neck)
Scrolls
 e - 2 scrolls of teleportation {unknown}
 f - a scroll of fear {unknown}
Potions
 d - a potion of might
 g - a potion of invisibility {unknown}


   Skills:
 + Level 4.3 Fighting
 + Level 2.1 Long Blades
 + Level 3.0 Dodging
 + Level 3.2 Shields


You had one spell level left.
You didn't know any spells.
Your spell library was empty.

Dungeon Overview and Level Annotations

Branches:
Dungeon (2/15)

Altars:


Innate Abilities, Weirdness & Mutations

You are too large for most types of armour.
You have tough skin. (AC +1)


Message History

The adder bites you but does no damage.
You closely miss the adder. The adder barely misses you. The adder bites you.
You hit the adder but do no damage. The adder misses you.
The adder bites you but does no damage.
You hit the adder but do no damage. The adder bites you.
You are poisoned.
The adder poisons you! You block the adder's attack.
You hit the adder.
The adder is lightly wounded.
You feel sick. The adder bites you.
You are more poisoned.
The adder poisons you! You block the adder's attack.
You closely miss the adder.
You feel sick. The adder barely misses you.
You miss the adder.
You feel sick. The adder bites you but does no damage.
You block the adder's attack.
You barely miss the adder.
You feel sick. The adder bites you but does no damage.
You block the adder's attack.
You miss the adder.
You feel sick.
You are no longer poisoned.
The adder bites you.
You are poisoned.
The adder poisons you! The adder barely misses you.
You barely miss the adder.
You feel sick. The adder bites you.
* * * LOW HITPOINT WARNING * * *
The adder bites you but does no damage.
You closely miss the adder.
You feel sick. You block the adder's attack.
The adder bites you but does no damage.
You closely miss the adder.
You feel sick.
You are no longer poisoned.
The adder bites you.
* * * LOW HITPOINT WARNING * * *
You are lethally poisoned!
The adder poisons you! You block the adder's attack.
You miss the adder.
* * * LOW HITPOINT WARNING * * *
You feel very sick. You block the adder's attack.
You hit the adder.
The adder is moderately wounded.
You die...

#. #
.#####......
#.###
#.......... ...#
#.........
#.###.#
.##........
#......
..........##
########.
#.........
.........
#....S..#
#####..
#....†@.#
#.....#
#.......#
####.###.#
#.......#
####....# #.#
#.......#
#....#### #.#
#.......###.####
#.#
#......>....#
#.#
#############
#.# #.#


You could see an adder.

Vanquished Creatures
  5 ball pythons
  A bat (D:1)
  An endoplasm (D:2)
  2 giant cockroaches (D:1)
  3 goblins
  A hobgoblin (D:2)
  2 frilled lizards (D:1)
  3 kobolds (D:1)
  4 rats (D:1)
22 creatures vanquished.

Notes
Turn   | Place    | Note
-------+----------+-------------------------------------------
     0 | D:1      | Thatpatchoflichen the Ogre Fighter began the quest for the
                  | Orb.
     0 | D:1      | Reached XP level 1. HP: 24/24 MP: 1/1
    96 | D:1      | Found a faded altar of an unknown god.
   224 | D:1      | Reached XP level 2. HP: 10/32 MP: 2/2
  1317 | D:2      | HP: 1/33 [poisoned by an adder]
  1318 | D:2      | Succumbed to an adder's poison

Illustrated notes

Levels and vault maps discovered:
D:1:      dpeg_arrival_rhombus, layout_loops_ring,
          hellmonk_ecumenical_altar_crossroads
D:2:      layout_basic, serial_park_tiny_2

Skill      XL: |  1  2 |
---------------+-------+-----
Long Blades    | 2 |  2.1
Dodging        | 3 |  3.0
Fighting       | |  4.3
Shields        | |  3.2

Action                   || total
-------------------------++-------
Melee: Long sword        ||    85
Armor: Robe              ||    28
Dodge: Dodged            ||    33
Block: Kite shield       ||    41
